 Dungeon Crawl Stone Soup version 0.29-a0-284-gf9362112df (webtiles) character file.

Game seed: 6194699889981495831

42852 testman the Spear-Bearer (level 14, -3/111 HPs)
             Began as a Merfolk Ice Elementalist on Mar 13, 2022.
             Was the Champion of Cheibriados.
             Slain by a white ugly thing (35 damage)
             ... on level 14 of the Dungeon on Mar 14, 2022.
             The game lasted 02:33:05 (17480 turns).

testman the Spear-Bearer (MfIE)                    Turns: 17480, Time: 02:33:06

Health: -3/111     AC: 14    Str: 23    XL:     14   Next: 21%
Magic:  27/27      EV: 22    Int: 41    God:    Cheibriados [******]
Gold:   1024       SH:  0    Dex: 29    Spells: 1/31 levels left

rFire   . . .      SeeInvis +   k - +5 trident "Ogrebane" {vamp, *Noise *Corrode rPois Int+6}
rCold   . . .      Faith    .   (no shield)
rNeg    . . .      Spirit   .   L - +0 acid dragon scales
rPois   +          Reflect  .   u - +1 helmet
rElec   +          Harm     .   t - +1 cloak
rCorr   +          Rampage  .   I - +0 pair of gloves
Will    +....                   (no boots)
Stlth   +.........              E - amulet of magic regeneration
HPRegen 0.28/turn               y - ring "Rum Nuar" {rElec SInv}
MPRegen 0.60/turn               Q - +4 ring of evasion

@: confused, ambrosia-drunk, studying Armour, very slow
A: (nimble swimmer 2), mertail
a: Renounce Religion, Bend Time, Temporal Distortion, Slouch, Step From Time


You were on level 14 of the Dungeon.
You worshipped Cheibriados.
Cheibriados was exalted by your worship.
You visited 2 branches of the dungeon, and saw 16 of its levels.

You collected 1024 gold pieces.

Inventory:

Hand Weapons
 k - the +5 trident "Ogrebane" (weapon) {vamp, *Noise *Corrode rPois Int+6}
   (You took it off a gnoll sergeant on level 5 of the Dungeon)

   It occasionally heals its wielder for a portion of the damage dealt when it
   wounds a living foe.
   Int:       It affects your intelligence (+6).
   rPois:     It protects you from poison.
   *Noise:    It may make noises in combat.
   *Corrode:  It may corrode you when you take damage.
 l - a +0 trident
 o - a +1 hunting sling of flaming
Missiles
 h - 399 stones
 i - 38 poisoned darts
 j - 8 atropa-tipped darts
 s - 2 throwing nets
 z - a boomerang (quivered)
 K - 5 curare-tipped darts
Armour
 a - the +0 scale mail "Muucw" {rF+}
   (You found it on level 11 of the Dungeon)

   rF:        It protects you from fire.
 t - a +1 cloak (worn)
 u - a +1 helmet (worn)
 w - a +1 ring mail
 F - the +2 plate armour of Wofep {Will+ Str-3 Int+6}
   (You found it on level 12 of the Dungeon)

   Str:       It affects your strength (-3).
   Int:       It affects your intelligence (+6).
   Will:      It increases your willpower.
 I - a +0 pair of gloves (worn)
 L - +0 acid dragon scales (worn)
Jewellery
 g - a ring of flight
 v - an amulet of regeneration
 y - the ring "Rum Nuar" (left hand) {rElec SInv}
   (You took it off a gnoll on level 5 of the Dungeon)

   [ring of see invisible]

   rElec:     It insulates you from electricity.
   SInv:      It lets you see invisible.
 B - a +6 ring of dexterity
 E - an amulet of magic regeneration (around neck)
 M - a ring of fire
 Q - a +4 ring of evasion (right hand)
Wands
 x - a wand of flame (62)
 G - a wand of acid (5)
 T - a wand of charming (5)
Scrolls
 c - 3 scrolls of vulnerability
 d - 4 scrolls of teleportation
 n - a scroll of silence
 p - 4 scrolls of noise
 A - 2 scrolls of blinking
 H - a scroll of torment
 N - a scroll of magic mapping
 O - a scroll of immolation {unknown}
 P - a scroll of enchant weapon {unknown}
 S - 3 scrolls of fear
 U - a scroll of identify
Potions
 b - a potion of magic
 e - 2 potions of brilliance
 f - 2 potions of berserk rage
 m - 3 potions of curing
 q - 3 potions of attraction
 r - a potion of haste
 C - 3 potions of lignification
 D - 12 potions of ambrosia
 J - 2 potions of cancellation {unknown}
Miscellaneous
 R - a condenser vane


   Skills:
 + Level 10.8 Fighting
 + Level 11.4 Polearms
 - Level 8.0 Armour
 + Level 6.7 Dodging
 - Level 2.1 Stealth
 - Level 9.0 Spellcasting
 - Level 5.0 Conjurations
 + Level 3.6 Necromancy
 - Level 5.0 Translocations
 - Level 10.0 Ice Magic
 + Level 11.2 Invocations


You had one spell level left.
You knew the following spells:

 Your Spells              Type           Power      Damage    Failure   Level
a - Freeze                Ice            100%       1d11      1%          1
b - Frozen Ramparts       Ice            100%       1d12      1%          3
c - Ozocubu's Armour      Ice            79%        N/A       1%          3
d - Hailstorm             Conj/Ice       69%        3d14      1%          4
e - Teleport Other        Tloc           56%        N/A       1%          3
f - Lesser Beckoning      Tloc           56%        N/A       1%          3
g - Gell's Gravitas       Tloc           56%        N/A       1%          3
h - Dispel Undead         Necr           48%        3d18      4%          4
i - Simulacrum            Ice/Necr       32%        N/A       21%         6

Your spell library contained the following spells:

 Spells                   Type           Power      Damage    Failure   Level
 Shock                    Conj/Air       100%       1d9       1%          1
 Slow                     Hex            72%        N/A       2%          1
 Corpse Rot               Necr/Air       66%        N/A       1%          2
 Static Discharge         Conj/Air       38%        N/A       1%          2
 Vampiric Draining        Necr           48%        2d9       1%          3
 Ice Form                 Ice/Tmut       56%        N/A       2%          4
 Poisonous Vapours        Pois/Air       36%        N/A       3%          2
 Confusing Touch          Hex            18%        N/A       6%          3
 Swiftness                Air            18%        N/A       6%          3
 Sticky Flame             Conj/Fire      38%        2d6       8%          4
 Airstrike                Air            9%         N/A       22%         4
 Death Channel            Necr           24%        N/A       58%         6


Dungeon Overview and Level Annotations

Branches:
Dungeon (15/15)            Temple (1/1) D:4            Lair (0/6) D:8
    Orc (0/2) D:11         Vaults (0/5) D:13
 Depths: D:15

Altars:
Ashenzari
Cheibriados
Dithmenos
Elyvilon
Fedhas
Gozag
Hepliaklqana
Kikubaaqudgha
Makhleb
Nemelex Xobeh
Okawaru
Qazlal
Ru
Sif Muna
Trog
Uskayaw
Vehumet
Wu Jian
Xom
Yredelemnul
Zin
The Shining One

Annotations:
D:12 2 runed translucent doors


Innate Abilities, Weirdness & Mutations

((You are very nimble when in or above water. (Stealth+, EV+, Speed+++)))
Your lower body shifts to a powerful aquatic tail in water.


Message History

The white ugly thing is heavily wounded.
The white ugly thing closely misses you.
You hit the white ugly thing but do no damage.
The white ugly thing is heavily wounded.
You puncture the white ugly thing!
You feel better.
You hear a bark!
The white ugly thing is heavily wounded.
The white ugly thing trunk-slaps you but does no damage.
You barely miss the white ugly thing.
The white ugly thing is heavily wounded.
The white ugly thing trunk-slaps you. The white ugly thing freezes you!
You hit the white ugly thing.
You feel better.
The white ugly thing is heavily wounded.
You hit the white ugly thing.
The white ugly thing is severely wounded.
The white ugly thing misses you.
You hit the white ugly thing but do no damage.
The white ugly thing is severely wounded.
The white ugly thing trunk-slaps you! The white ugly thing freezes you!!
* * * LOW HITPOINT WARNING * * *
Okay, then.
Okay, then.
Okay, then.
Casting: Frozen Ramparts (safe; 1% risk of failure)
Confirm with . or Enter, or press ? or * to list all spells.
Okay, then.
Casting: Frozen Ramparts (safe; 1% risk of failure)
Confirm with . or Enter, or press ? or * to list all spells.
Okay, then.
Okay, then.
Unknown command.
You are confused.
You feel invigorated.
The frozen ramparts melt away.
The white ugly thing closely misses you.
Your icy armour will break if you move.
Continue?
Your icy armour cracks and falls away as you move.
The white ugly thing trunk-slaps you!
* * * LOW HITPOINT WARNING * * *
The white ugly thing freezes you!!
You die...

####.# #.# #..# #. #.#
#†#########..# #. #.#
#†...........# #. ####.#
#............# #. .....#
#............# #. .....#
#............# #. .....#
#............# #.
####.#########............# #.
#............@.........# #.
#............>u........# #.
#......................# #.
#..########..#######...# #. #..#
#..# #...# #. #..# #..# #...# #.
#..# #..# #...# #.
####..########..#######...# #.
..........................######.


You could see a white ugly thing.

Vanquished Creatures
  Jorgrun (D:15)
  Snorg (D:11)
  The ghost of crescentfresh the Fighter, a journeyman OgFE of Gozag (D:10)
  Josephine (D:13)
  A yaktaur captain (D:13)
  3 boulder beetles
  Harold (D:9)
  Erolcha (D:10)
  3 centaur warriors (D:13)
  An ogre mage (D:15)
  6 two-headed ogres
  Amaemon (D:8)
  A skeletal warrior (D:15)
  A flayed ghost (D:15)
  Pikel (D:7)
  A deep elf archer (D:12)
  A wolf spider (D:11)
  7 cyclopes
  A deep elf pyromancer (D:12)
  2 deep elf zephyrmancers (D:12)
  A manticore (D:11)
  5 ugly things (D:14)
  Maurice (D:9)
  An orange demon (D:8)
  2 kobold demonologists (D:13)
  2 efreet
  2 yaktaurs (D:13)
  The ghost of flyleaff the Ruffian, an amateur TrMo (D:5)
  2 tengu conjurers (D:11)
  2 queen bees
  Prince Ribbit (D:6)
  4 trolls
  2 hornets
  11 slime creatures (D:13)
  An ettin skeleton (D:15)
  Sigmund (D:6)
  A shadow (D:6)
  7 wraiths
  17 yaks
  2 wyverns
  5 vampires
  15 vampire mosquitoes
  4 fire bats (D:13)
  A basilisk (D:11)
  An acid dragon (D:12)
  Duvessa (D:7)
  A water moccasin (D:6)
  A hell hound (D:13)
  2 sky beasts
  4 orc warriors
  A black bear (D:8)
  4 ogres
  13 centaurs
  3 lemures (D:7)
  2 phantoms
  6 kobold brigands
  4 bullfrogs
  2 necrophages
  2 gnoll sergeants (D:5)
  4 scorpions
  Dowan (D:7)
  35 killer bees
  2 vampire bats (D:11)
  4 electric eels (D:10)
  4 howler monkeys
  2 lava snakes (D:13)
  5 hounds
  3 jellies
  7 orc priests
  2 gnoll shamans
  2 iguanas (D:6)
  9 orc wizards
  7 adders
  19 gnolls
  3 shadow imps
  A worm (D:3)
  3 dart slugs
  44 orcs
  6 ball pythons
  3 bats
  A bat skeleton (D:11)
  5 bat zombies (D:11)
  5 endoplasms
  3 giant cockroaches
  8 goblins
  7 hobgoblins
  7 jackals (D:4)
  3 quokkas
  4 frilled lizards
  33 kobolds
  5 rats
  A butterfly (D:7)
  3 fire vortices (D:13)
425 creatures vanquished.

Vanquished Creatures (others)
  14 plants
  7 withered plants (D:15)
21 creatures vanquished.

Grand Total: 446 creatures vanquished

Notes
Turn   | Place    | Note
-------+----------+-------------------------------------------
     0 | D:1      | testman the Merfolk Ice Elementalist began the quest for
                  | the Orb.
     0 | D:1      | Reached XP level 1. HP: 13/13 MP: 3/3
   571 | D:1      | Reached XP level 2. HP: 14/19 MP: 5/5
  1142 | D:1      | Found a faded altar of an unknown god.
  1411 | D:2      | Reached XP level 3. HP: 20/24 MP: 6/6
  1415 | D:2      | Learned a level 3 spell: Frozen Ramparts
  1590 | D:2      | Reached skill level 5 in Ice Magic
  2032 | D:2      | You are sucked into a shaft and drop 2 floors!
  2032 | D:4      | Found a sacrificial altar of Ru.
  2039 | D:4      | Became a worshipper of Ru the Awakened
  2064 | D:4      | Identified the +9 falchion of Dishonour {vorpal, Int+4}
  2068 | D:4      | Found a staircase to the Ecumenical Temple.
  2079 | Temple   | Entered the Ecumenical Temple
  2158 | Temple   | Fell from the grace of Ru
  2158 | Temple   | Became a worshipper of Cheibriados the Contemplative
  2253 | D:3      | Learned a level 3 spell: Ozocubu's Armour
  2284 | D:3      | Reached XP level 4. HP: 30/30 MP: 3/8
  2998 | D:3      | Reached * piety under Cheibriados
  3442 | D:4      | Reached skill level 1 in Invocations
  3612 | D:4      | Reached XP level 5. HP: 34/35 MP: 8/10
  3870 | D:4      | Found a sparkling altar of Nemelex Xobeh.
  3963 | D:4      | Reached XP level 6. HP: 40/41 MP: 4/11
  3975 | D:4      | Learned a level 4 spell: Hailstorm
  4393 | D:4      | Reached skill level 1 in Fighting
  4439 | D:4      | Reached ** piety under Cheibriados
  4700 | D:5      | Entered Level 5 of the Dungeon
  4700 | D:5      | Found a radiant altar of Vehumet.
  4778 | D:5      | Reached skill level 1 in Conjurations
  4831 | D:5      | Reached XP level 7. HP: 48/48 MP: 7/13
  4913 | D:5      | Found a transporter.
  4918 | D:5      | Identified the +5 trident "Ogrebane" {vamp, *Noise *Corrode
                  | rPois Int+6}
  4918 | D:5      | Identified the +0 kite shield of Qazlal, Nurturing {Will+}
  5259 | D:5      | Found a blossoming altar of Fedhas.
  5533 | D:5      | Found a transporter.
  5535 | D:5      | Noticed flyleaff's ghost (amateur TrMo)
  5539 | D:5      | Identified the ring "Rum Nuar" {rElec SInv}
  5640 | D:5      | Found a burning altar of Makhleb.
  5813 | D:5      | Reached XP level 8. HP: 53/57 MP: 7/14
  5814 | D:5      | Reached *** piety under Cheibriados
  5834 | D:5      | Killed flyleaff's ghost
  5835 | D:5      | Reached skill level 5 in Spellcasting
  6217 | D:6      | Noticed Sigmund
  6285 | D:6      | Killed Sigmund
  6288 | D:6      | Noticed Prince Ribbit
  6289 | D:6      | Reached skill level 1 in Armour
  6299 | D:6      | Killed Prince Ribbit
  6300 | D:6      | Reached skill level 5 in Invocations
  6300 | D:6      | Reached XP level 9. HP: 65/65 MP: 9/17
  6434 | D:6      | Learned a level 3 spell: Teleport Other
  6708 | D:6      | Found a bloodstained altar of Trog.
  6785 | D:6      | Reached skill level 1 in Polearms
  6828 | D:6      | Reached **** piety under Cheibriados
  6938 | D:6      | Found a glowing golden altar of the Shining One.
  7155 | D:7      | Reached skill level 1 in Translocations
  7303 | D:7      | Found a shimmering altar of Xom.
  7428 | D:7      | Reached skill level 5 in Fighting
  7511 | D:7      | Noticed a hornet
  7519 | D:7      | Killed a hornet
  7738 | D:7      | Noticed Pikel
  7750 | D:7      | Killed Pikel
  7751 | D:7      | Reached XP level 10. HP: 73/76 MP: 13/19
  8040 | D:7      | Found an ancient bone altar of Kikubaaqudgha.
  8078 | D:7      | Noticed Duvessa
  8081 | D:7      | Noticed Dowan
  8101 | D:7      | Killed Duvessa
  8113 | D:7      | Killed Dowan
  8489 | D:8      | Noticed a boulder beetle
  8507 | D:8      | Noticed a cyclops
  8515 | D:8      | Killed a boulder beetle
  8515 | D:8      | Reached ***** piety under Cheibriados
  8518 | D:8      | Identified the +1 hand axe of the Lost Tables {freeze, rF+
                  | rC+ Stlth+}
  8520 | D:8      | Killed a cyclops
  8522 | D:8      | Reached skill level 5 in Polearms
  8713 | D:8      | Learned a level 3 spell: Lesser Beckoning
  8717 | D:8      | Learned a level 3 spell: Gell's Gravitas
  8751 | D:8      | Found a staircase to the Lair.
  8843 | D:8      | Noticed Amaemon
  8848 | D:8      | Noticed an orange demon
  8851 | D:8      | Killed Amaemon
  8853 | D:8      | Killed an orange demon
  9175 | D:8      | Reached XP level 11. HP: 83/83 MP: 21/21
  9292 | D:9      | Reached skill level 5 in Armour
  9508 | D:9      | Noticed Harold
  9518 | D:9      | Killed Harold
  9529 | D:9      | Noticed a two-headed ogre
  9534 | D:9      | Killed a two-headed ogre
  9700 | D:9      | Noticed Maurice
  9706 | D:9      | Killed Maurice
 10240 | D:10     | Entered Level 10 of the Dungeon
 10382 | D:10     | Noticed Erolcha
 10397 | D:10     | Killed Erolcha
 10569 | D:10     | Found a transporter.
 10574 | D:10     | Found a transporter.
 10580 | D:10     | Noticed crescentfresh's ghost (journeyman OgFE)
 10955 | D:10     | Found a shimmering blue altar of Sif Muna.
 11329 | D:10     | Reached ****** piety under Cheibriados
 11330 | D:10     | Reached XP level 12. HP: 71/93 MP: 13/23
 11342 | D:10     | Killed crescentfresh's ghost
 11716 | D:11     | Noticed Snorg
 11730 | D:11     | Killed Snorg
 11844 | D:11     | Identified the +0 scale mail "Muucw" {rF+}
 11973 | D:11     | Noticed a two-headed ogre
 11980 | D:11     | Killed a two-headed ogre
 12115 | D:11     | Found a staircase to the Orcish Mines.
 12756 | D:11     | Found an ancient bone altar of Kikubaaqudgha.
 12938 | D:12     | Identified the +2 plate armour of Wofep {Will+ Str-3 Int+6}
 13615 | D:12     | Reached XP level 13. HP: 83/101 MP: 22/25
 14090 | D:12     | Found a runed translucent door.
 14095 | D:12     | Found a runed translucent door.
 14096 | D:12     | Noticed a merfolk impaler
 14097 | D:12     | Upgraded the game from 0.29-a0-283-ga02f740833 to
                  | 0.29-a0-284-gf9362112df
 14193 | D:13     | Reached skill level 10 in Invocations
 14194 | D:13     | Reached skill level 10 in Ice Magic
 14466 | D:13     | Learned a level 4 spell: Dispel Undead
 14473 | D:13     | Learned a level 6 spell: Simulacrum
 14482 | D:13     | Found a gate to the Vaults.
 14512 | D:13     | Noticed a yaktaur captain
 14526 | D:13     | Killed a yaktaur captain
 14557 | D:13     | Noticed Josephine
 14571 | D:13     | Killed Josephine
 14574 | D:13     | Reached skill level 1 in Necromancy
 14577 | D:13     | Reached skill level 10 in Polearms
 14709 | D:13     | Reached skill level 5 in Translocations
 14811 | D:13     | Reached skill level 5 in Conjurations
 14846 | D:13     | Reached skill level 10 in Fighting
 15271 | D:13     | Reached skill level 5 in Dodging
 16461 | D:15     | Entered Level 15 of the Dungeon
 16620 | D:15     | Reached XP level 14. HP: 111/111 MP: 14/27
 16793 | D:15     | Noticed Jorgrun
 16884 | D:15     | Killed Jorgrun
 17480 | D:14     | Slain by a white ugly thing

Illustrated notes

Levels and vault maps discovered:
D:1:      psy_arrival_radial01, layout_loops_ring,
          shapermc_ecumenical_altar_starsandcircs, st_stairs_7
D:2:      layout_loops_ring, serial_forest, infiniplex_forest_clump_long,
          infiniplex_forest_straight_1, infiniplex_forest_lined_room_,
          infiniplex_forest_clump_long, infiniplex_forest_end_1,
          infiniplex_forest_clump_small, infiniplex_forest_clump_diagonal
D:3:      layout_loops_cross
D:4:      layout_gridville, nemelex_xobeh_ov_fountains_minmay,
          nicolae_ru_awakened_eye, minmay_temple_entry_stoned_glass
D:5:      layout_cave_pools, lemuel_crystal_altar,
          mainiacjoe_overflow_catch_the_wave, gammafunk_ghost_gnarly_gnolls,
          minmay_misc_feat_x
D:6:      layout_basic, mainiacjoe_overflow_alcove_1,
          mainiacjoe_overflow_boulevard, uniq_sigmund, uniq_prince_ribbit1
D:7:      layout_gridville, mainiacjoe_overflow_paths, xom_butterflies,
          uniq_duvessa, uniq_pikel
D:8:      layout_rooms, lair_entry_dummy, minmay_radiant, uniq_amaemon
D:9:      layout_roguey [special_room_bee], uniq_harold, uniq_maurice
D:10:     layout_basic, kennysheep_orc_sif_temple, gammafunk_ghost_hive,
          nicolae_concentric_dashed_squares_mild, uniq_erolcha
D:11:     layout_roguey, hiddenorc2_lemuel, gauntlet_entry_generic,
          kennysheep_vampire_church, uniq_snorg
D:12:     layout_roguey, mikee_hates_you
D:13:     layout_cave_pools, david_vaults_2, hangedman_incinerator,
          uniq_josephine
D:14:     layout_small_grid, hangedman_abyss_or_decor_clamps, drop_trap
D:15:     gammafunk_depths_entry_grave, layout_irregular_city, serial_shops,
          shop_coins, nicolae_vehumet_altar_sigil, nzn_life_drinkers,
          uniq_jorgrun
Temple:   nicolae_temple_hex_pool

Skill      XL: |  1  2  3  4  5  6  7  8  9 10 11 12 13 14 |
---------------+-------------------------------------------+-----
Ice Magic      | 5 6 7 8 9 10 | 10.0
Spellcasting   | 3 4 5 6 7 8 9 |  9.0
Invocations    | 1 2 3 5 6 7 8 9 10 11 | 11.2
Fighting       | 1 2 4 5 6 8 9 10 | 10.8
Conjurations   | 1 2 3 4 5 |  5.0
Armour         | 1 3 4 6 7 8 |  8.0
Polearms       | 3 5 7 9 11 | 11.4
Translocations | 2 3 4 5 |  5.0
Dodging        | 5 6 |  6.7
Necromancy     | 3 |  3.6
Stealth        | |  2.1

Action                   |  1- 3 |  4- 6 |  7- 9 | 10-12 | 13-15 || total
-------------------------+-------+-------+-------+-------+-------++-------
Melee: Dagger            |   117 |       |       |       |       ||   117
       Falchion          |     8 |    43 |    30 |       |       ||    81
       Trident           |     4 |     1 |   124 |   417 |   265 ||   811
       Punch             |     1 |       |     1 |     9 |       ||    11
       Tailslap          |       |       |       |     2 |       ||     2
 Fire: Hunting sling     |       |       |    50 |    33 |     1 ||    84
Throw: Stone             |       |       |     2 |       |       ||     2
       Dart              |       |       |     1 |       |     2 ||     3
       Boomerang         |       |       |     1 |    15 |    47 ||    63
 Cast: Freeze            |    21 |       |       |     1 |       ||    22
       Frozen Ramparts   |     6 |    16 |    27 |    45 |    36 ||   130
       Ozocubu's Armour  |       |     6 |    10 |    33 |    25 ||    74
       Hailstorm         |       |       |     4 |    16 |    14 ||    34
       Teleport Other    |       |       |       |     8 |     1 ||     9
       Gell's Gravitas   |       |       |       |    18 |     3 ||    21
       Lesser Beckoning  |       |       |       |    11 |    10 ||    21
       Dispel Undead     |       |       |       |       |     7 ||     7
Invok: Slouch            |       |       |       |     2 |     1 ||     3
Evoke: Wand              |       |       |       |     1 |       ||     1
  Use: Scroll            |       |       |     6 |     7 |     3 ||    16
       Potion            |       |       |       |     7 |     1 ||     8
 Stab: Sleeping          |     6 |     2 |     1 |     4 |     5 ||    18
       Distracted        |     1 |       |       |     1 |     1 ||     3
Armor: Robe              |    18 |     9 |    50 |       |       ||    77
       Ring mail         |       |       |       |   123 |       ||   123
       Scale mail        |       |       |       |    24 |       ||    24
       Acid dragon scale |       |       |       |     7 |   100 ||   107
       Plate armour      |       |       |       |     1 |       ||     1
Dodge: Dodged            |    62 |    26 |   102 |   276 |   180 ||   646

Table legend: (Time is in decaauts)
 A = Elapsed time spent in this place.
 B = Non-inter-level travel time spent in this place.
 C = Inter-level travel time spent in this place.
 D = Time resting spent in this place.
 E = Time spent auto-exploring this place.
 F = Levels seen in this place.
 G = Mean time per level.
                   A        B        C        D        E       F      G
               +--------+--------+--------+--------+--------+-----+--------+
         Total |  22899 |  21954 |    945 |   5957 |  12175 |  16 | 1431.2 |
       Dungeon |  22808 |  21892 |    916 |   5957 |  12125 |  15 | 1520.5 |
        Temple |     91 |     63 |     28 |      0 |     50 |   1 |   91.0 |
               +--------+--------+--------+--------+--------+-----+--------+

Top non-repeatable levels by time:
    D:14: 2208 daAuts
    D:10: 1982 daAuts
    D:11: 1967 daAuts
    D:13: 1866 daAuts
     D:5: 1836 daAuts
     D:7: 1696 daAuts
    D:12: 1678 daAuts
     D:4: 1653 daAuts
     D:9: 1419 daAuts
     D:1: 1303 daAuts
     D:8: 1300 daAuts
     D:2: 1292 daAuts
     D:6: 1272 daAuts
     D:3: 948 daAuts
    D:15: 381 daAuts
